 Dungeon Crawl Stone Soup version 0.31-a0-446-g07c4bd200f (webtiles) character file.

Game seed: 1084180692945152496

67 Ethylacetat the Insei (level 4, -1/24 HPs)
             Began as a Vine Stalker Monk on Aug 3, 2023.
             Killed from afar by Ijyb (6 damage)
             ... with a puff of flame
             ... on level 3 of the Dungeon.
             The game lasted 00:01:35 (1659 turns).

Ethylacetat the Insei (Vine Stalker Monk)           Turns: 1659, Time: 00:01:36

Health: -1/24      AC:  2    Str: 13    XL:     4   Next: 16%
Magic:  0/7        EV: 13    Int: 10    God:
Gold:   110        SH:  0    Dex: 19    Spells: 6/6 levels left

rFire   . .          .
                       - Unarmed
rCold   . . .        c - orb {light}
rNeg    . . .        a - +0 robe
rPois   .            (no helmet)
rElec   .            (no cloak)
rCorr   .            (no gloves)
SInv    .            (no boots)
Will    .....        (no amulet)
Stlth   +            (no ring)
HPRegen 1.04/turn    (no ring)
MPRegen 0.10/turn

%: guardian spirit
@: glowing
A: fangs 2, regeneration 1, magic shield, antimagic bite, no potion heal 2
a: no special abilities


You were on level 3 of the Dungeon.
You visited 1 branch of the dungeon, and saw 3 of its levels.

You collected 110 gold pieces.

Inventory:

Armour
 a - a +0 robe (worn)
 c - an orb of light (worn)
Jewellery
 g - a ring of willpower
Scrolls
 d - 2 scrolls of enchant weapon {unknown}
 e - a scroll of butterflies {unknown}
 h - 2 scrolls of teleportation {unknown}
 j - a scroll of poison {unknown}
 k - a scroll of fear {unknown}
 m - a scroll of immolation {unknown}
Potions
 f - a potion of heal wounds {unknown}
 i - a potion of brilliance {unknown}
 l - a potion of might {unknown}


   Skills:
 + Level 3.4 Fighting
 - Level 2.4 Dodging
 + Level 3.6 Unarmed Combat
 + Level 1.8 Spellcasting


You had 6 spell levels left.
You didn't know any spells.
Your spell library was empty.

Dungeon Overview and Level Annotations

Branches:
Dungeon (3/15)

Altars:

Shops:
D:2 :

Annotations:
D:3 Ijyb


Innate Abilities, Weirdness & Mutations

You have extremely sharp teeth.
Your natural rate of healing is unusually fast.
When hurt, damage is shared between your health and your magic reserves.
Your bite disrupts and absorbs the magic of your enemies.
Potions cannot restore your health.


Message History

You hit Ijyb. You bite Ijyb, but do no damage.
Ijyb is severely wounded.
Ijyb misses you.
You closely miss Ijyb.
Ijyb is severely wounded.
Ijyb hits you with a +0 club.
* * * LOW HITPOINT WARNING * * *
You hit Ijyb but do no damage. You bite Ijyb. You drain her power.
You feel invigorated.
Ijyb is severely wounded.
You hit Ijyb but do no damage. You bite Ijyb, but do no damage.
Ijyb is severely wounded.
Ijyb hits you with a +0 club.
* * * LOW HITPOINT WARNING * * *
You hit Ijyb.
Ijyb is severely wounded.
Ijyb zaps a wand.
The puff of flame hits you.
* * * LOW HITPOINT WARNING * * *
You are confused.
Your system rejects the healing.
You feel invigorated.
Ijyb screams, "It's all mine!"
Ijyb hits you with a +0 club. Ijyb attacks as you move away!
Ijyb barely misses you.
You're too confused to move!
Ijyb misses you.
You bump into the rock wall.
Ijyb misses you.
You bump into the rock wall.
You feel less invigorated.
You feel less confused. Ijyb hits you with a +0 club.
* * * LOW HITPOINT WARNING * * *
You hit Ijyb but do no damage. You bite Ijyb, but do no damage.
Ijyb is severely wounded.
Ijyb hits you with a +0 club.
* * * LOW HITPOINT WARNING * * *
You hit Ijyb. You bite Ijyb, but do no damage.
Ijyb is almost dead.
Ijyb hits you but does no damage.
You barely miss Ijyb.
Ijyb is almost dead.
Ijyb zaps a wand.
The puff of flame hits you!
You die...

..... .. ..... #.# #
... # #.# #.....# #.#
#.#.#.###.# #.#
#........# #.# #†# #
### ##.#####.#.# ..#
#......@g..#
#.########..#####.###
#...................
#.########..#######.#
...#######..# .#
............# .
...########## .. ..##
## ###


You could see Ijyb.

Vanquished Creatures
  An adder (D:2)
  5 ball pythons
  3 endoplasms (D:1)
  A giant cockroach (D:2)
  7 hobgoblins
  12 jackals
  5 kobolds
  3 quokkas (D:2)
  5 bats
  A frilled lizard (D:2)
  5 rats
48 creatures vanquished.

Notes
Turn   | Place    | Note
-------+----------+-------------------------------------------
     0 | D:1      | Ethylacetat the Vine Stalker Monk began the quest for the
                  | Orb.
     0 | D:1      | Reached XP level 1. HP: 11/11 MP: 2/2
   214 | D:1      | Reached XP level 2. HP: 14/16 MP: 2/4
   299 | D:1      | Reached skill level 1 in Spellcasting
   483 | D:1      | Reached XP level 3. HP: 20/20 MP: 3/5
   941 | D:2      | Found Tuideaty's Book Emporium.
  1434 | D:2      | Gained mutation: Your natural rate of healing is unusually
                  | fast. [Vine Stalker growth]
  1434 | D:2      | Reached XP level 4. HP: 12/24 MP: 7/7
  1625 | D:3      | Noticed Ijyb
  1659 | D:3      | Killed from afar by Ijyb

Illustrated notes

Levels and vault maps discovered:
D:1:      scummos_arrival_hexagon, layout_basic, serial_park_tiny_2
D:2:      layout_rooms, serial_shops, nicolae_shop_tiny_glass
D:3:      layout_loops_ring, mainiacjoe_overflow_catwalk,
          lightli_temple_of_fire, shapermc_ecumenical_altar_ellora, uniq_ijyb

Skill      XL: |  1  2 |
---------------+-------+-----
Spellcasting   | 1 |  1.8
Fighting       | 3 |  3.4
Dodging        | |  2.4
Unarmed Combat | |  3.6

Action                     |  1- 3 |  4- 6 || total
---------------------------+-------+-------++-------
  Melee: Unarmed           |   104 |    30 ||   134
         Bite              |    27 |    11 ||    38
    Use: Potion            |       |     2 ||     2
 Armour: Robe              |    15 |     7 ||    22
  Dodge: Dodged            |    52 |    32 ||    84

Table legend: (Time is in decaauts)
 A = Elapsed time spent in this place.
 B = Non-inter-level travel time spent in this place.
 C = Inter-level travel time spent in this place.
 D = Time resting spent in this place.
 E = Time spent auto-exploring this place.
 F = Levels seen in this place.
 G = Mean time per level.
                   A        B        C        D        E       F      G
               +--------+--------+--------+--------+--------+-----+--------+
         Total |   1650 |   1612 |     38 |      0 |   1354 |   3 |  550.0 |
       Dungeon |   1650 |   1612 |     38 |      0 |   1354 |   3 |  550.0 |
               +--------+--------+--------+--------+--------+-----+--------+

Top non-repeatable levels by time:
     D:1: 792 daAuts
     D:2: 761 daAuts
     D:3: 96 daAuts
